 Dungeon Crawl Stone Soup version 0.30-a0-359-gd0147acb1a (webtiles) character file.

Game seed: 2168348220609748454

749 snetch the Magician (level 8, 0/52 HPs)
             Began as a Djinni Fire Elementalist on Nov 11, 2022.
             Was a Priest of Zin.
             Slain by a centaur zombie (2 damage)
             ... on level 3 of the Dungeon.
             The game lasted 00:16:04 (3213 turns).

snetch the Magician (Djinni Fire Elementalist)      Turns: 3213, Time: 00:16:06

Health: 0/52       AC:  4    Str:  7    XL:     8   Next: 6%
Gold:   143        EV: 12    Int: 19    God:    Zin [***...] SH:  0 Dex: 14

rFire   + + .      SeeInvis .    a - +2 short sword (venom)
rCold   x . .      Faith    .    (no shield)
rNeg    . . .      Spirit   .    j - +0 leather armour
rPois   ∞          Reflect  .    e - +0 helmet
rElec   .          Harm     .    r - scarf {repulsion}
rCorr   .          Rampage  .    (no gloves)
Will    .....                    (boots unavailable)
Stlth   ++........               (no amulet)
HPRegen 0.28/turn                (no ring)
MPRegen 0.00/turn                (no ring)

@: flying, repel missiles
A: sickness immunity, fire resistance 2, cold vulnerability 1, float, innate
caster, HP casting, extra vitality 1
a: Renounce Religion, Recite, Vitalisation, Imprison, Donate Gold


You were on level 3 of the Dungeon.
You worshipped Zin.
Zin was most pleased with you.
You visited 1 branch of the dungeon, and saw 5 of its levels.

You collected 199 gold pieces.
You donated 56 gold pieces to Zin.

Inventory:

Hand Weapons
 a - a +2 short sword of venom (weapon)
Missiles
 g - 54 stones
 k - 4 boomerangs
 t - 3 throwing nets
Armour
 b - a +0 kite shield
 e - a +0 helmet (worn)
 j - a +0 leather armour (worn)
 m - a +0 tower shield
 q - a +0 cloak
 r - a scarf of repulsion (worn)
Scrolls
 d - a scroll of butterflies {unknown}
 h - 2 scrolls of enchant armour {unknown}
 l - 4 scrolls of identify {unknown}
 p - a scroll of teleportation {unknown}
 s - a scroll of vulnerability {unknown}
 u - a scroll of torment {unknown}
Potions
 c - a potion of attraction {unknown}
 f - 4 potions of curing {unknown}
 i - 2 potions of degeneration {unknown}
 n - a potion of heal wounds {unknown}
 o - 2 potions of haste {unknown}


   Skills:
 + Level 1.4 Fighting
 + Level 2.4 Short Blades
 + Level 1.7 Armour
 + Level 3.3 Dodging
 + Level 3.4 Stealth
 + Level 5.1 Spellcasting
 + Level 0.4 Invocations


You couldn't memorise any spells.
You knew the following spells:

 Your Spells              Type           Power      Damage    Failure   Level
a - Foxfire               Conj/Fire      96%        2x1d8     2%          1
b - Scorch                Fire           48%        2d7       3%          2
c - Kindle Blastsparks    Fire/Tloc/Air  48%        2d14      7%          3
d - Inner Flame           Hex/Fire       24%        N/A       7%          3
e - Flame Wave            Conj/Fire      24%        2d8       22%         4
f - Beastly Appendage     Tmut           48%        N/A       2%          1
g - Searing Ray           Conj           48%        2d6       3%          2
h - Momentum Strike       Conj/Tloc      48%        3d9       3%          2
Your spell library was empty.

Dungeon Overview and Level Annotations

Branches:
Dungeon (5/15)
 Temple: D:4-7

Altars:
Trog
Uskayaw
Zin

Shops:
D:2 :

Annotations:
D:3 1 transporter, baller8008's ghost, amateur DjEn


Innate Abilities, Weirdness & Mutations

You are immune to sickness and miasma.
You are immune to poison.
Your flesh is very heat resistant. (rF++)
You are vulnerable to cold. (rC-)
You float through the air rather than walking.
You learn spells naturally, not from books.
Your magical power is your life essence.
You have superior vitality. (+4 MHP)


Message History

The centaur zombie closely misses you.
A wave of flame ripples out!
The flame wave engulfs baller8008's ghost.
Baller8008's ghost resists.
Baller8008's ghost is lightly damaged.
The flame wave engulfs the centaur zombie.
The centaur zombie is severely damaged.
* * * LOW HITPOINT WARNING * * *
You finish channelling waves of flame.
Baller8008's ghost barely misses you. The centaur zombie hits you.
* * * LOW HITPOINT WARNING * * *
The centaur zombie kicks you but does no damage.
Casting: Flame Wave (quite dangerous; 22% risk of failure)
Confirm with . or Enter, or press ? or * to list all spells.
Flames lash baller8008's ghost.
Baller8008's ghost resists.
Baller8008's ghost is lightly damaged.
Baller8008's ghost's fire resistance burns away.
* * * LOW HITPOINT WARNING * * *
The centaur zombie barely misses you.
The centaur zombie kicks you but does no damage.
Baller8008's ghost hits you.
* * * LOW HITPOINT WARNING * * *
The centaur zombie hits you but does no damage.
The centaur zombie misses you.
Casting: Scorch (safe; 3% risk of failure)
Confirm with . or Enter, or press ? or * to list all spells.
You don't have enough health to cast this spell.
Baller8008's ghost attacks as you move away!
Baller8008's ghost closely misses you.
The centaur zombie attacks as you move away!
The centaur zombie completely misses you.
The centaur zombie kicks you. Zin protects you from harm!
You hit the centaur zombie.
The centaur zombie is severely damaged.
Baller8008's ghost is no longer more vulnerable to fire.
Baller8008's ghost hits you. Zin protects you from harm!
The centaur zombie hits you.
You die...

..........###.........#...##.####
.................................
.................©...............
.....#.....#############.........
...........#...........#.........
###÷.......#...........#.......#.
......###..#..##...##..#...#.#.##
......##...#..#8...8#..#...#.#+##
.....###...#..##@Z.##..#.........
.....# #...#....W©.....#.........
.....###...#..##...##..#.........
#.####.....#. #8...8#. #.........
#..###.....# ##...##..#..^......
...........# .........#.........
...####.#..# ...$$$...©#..##.####
.....##.#..#############.........
...#.##.#........©........##.####


You could see baller8008's ghost and a centaur zombie.

Vanquished Creatures
  Sigmund (D:2)
  A black bear (D:4)
  A phantom (D:4)
  A necrophage (D:4)
  A hound (D:4)
  Crazy Yiuf (D:2)
  2 orc priests (D:4)
  A centaur skeleton (D:3)
  2 iguanas (D:4)
  A howler monkey skeleton (D:3)
  A howler monkey zombie (D:3)
  5 adders
  4 gnolls (D:4)
  A shadow imp (D:3)
  3 dart slugs
  A worm (D:2)
  2 orcs (D:4)
  8 endoplasms
  4 giant cockroaches
  5 goblins
  6 hobgoblins
  4 jackals
  9 kobolds
  3 ball pythons
  8 bats
  7 frilled lizards
  6 rats
89 creatures vanquished.

Vanquished Creatures (others)
  105 foxfires
  4 fungi (D:3)
  A plant (D:1)
110 creatures vanquished.

Grand Total: 199 creatures vanquished

Notes
Turn   | Place    | Note
-------+----------+-------------------------------------------
     0 | D:1      | snetch the Djinni Fire Elementalist began the quest for the
                  | Orb.
     0 | D:1      | snetch set off with the following spells memorised:
                  | Foxfire, Scorch, Kindle Blastsparks, Inner Flame, Flame
                  | Wave.
     0 | D:1      | Reached XP level 1. HP: 15/15 MP: 0/0
   180 | D:2      | Reached XP level 2. HP: 14/21 MP: 0/0
   272 | D:1      | Reached XP level 3. HP: 23/25 MP: 0/0
   272 | D:1      | Learned a level 1 spell: Beastly Appendage
   276 | D:2      | Found a faded altar of an unknown god.
   366 | D:2      | Prayed at the altar of an unknown god.
   366 | D:2      | Became a worshipper of Zin the Law-Giver
   366 | D:2      | Reached * piety under Zin
   628 | D:1      | Reached skill level 3 in Spellcasting
   874 | D:2      | Reached XP level 4. HP: 26/31 MP: 0/0
   936 | D:2      | Found Qoqatuw's Vocational Training.
  1019 | D:2      | Reached ** piety under Zin
  1264 | D:2      | Noticed Sigmund
  1269 | D:2      | Killed Sigmund
  1270 | D:2      | Reached skill level 1 in Short Blades
  1270 | D:2      | Reached skill level 1 in Armour
  1270 | D:2      | Reached XP level 5. HP: 28/36 MP: 0/0
  1270 | D:2      | Learned a level 2 spell: Searing Ray
  1270 | D:2      | Reached XP level 6. HP: 32/41 MP: 0/0
  1445 | D:2      | Found a runed translucent door.
  1446 | D:2      | Noticed Crazy Yiuf
  1452 | D:2      | Killed Crazy Yiuf
  1916 | D:2      | Donated 37 gold pieces to Zin
  1927 | D:3      | Found a transporter.
  1928 | D:3      | Noticed baller8008's ghost (amateur DjEn)
  2042 | D:3      | Found a hide-covered altar of Uskayaw.
  2044 | D:3      | Found a transporter.
  2056 | D:3      | Reached skill level 4 in Spellcasting
  2203 | D:3      | You are sucked into a shaft and drop 2 floors!
  2203 | D:5      | Entered Level 5 of the Dungeon
  2272 | D:4      | Reached XP level 7. HP: 28/46 MP: 0/0
  2272 | D:4      | Learned a level 2 spell: Momentum Strike
  2387 | D:4      | Found a bloodstained altar of Trog.
  2829 | D:4      | Reached skill level 1 in Fighting
  2850 | D:4      | Reached *** piety under Zin
  3202 | D:3      | Reached skill level 5 in Spellcasting
  3202 | D:3      | Reached XP level 8. HP: 40/52 MP: 0/0
  3211 | D:3      | HP: 1/52 [baller8008's ghost (3)]
  3212 | D:3      | Zin protects you from harm!
  3213 | D:3      | Zin protects you from harm!
  3213 | D:3      | Slain by a centaur zombie

Illustrated notes

Levels and vault maps discovered:
D:1:      denvon_arrival_planthouse, layout_rooms, minmay_hexomino_f4
D:2:      layout_loops_ring, nicolae_ecumenical_pavilion,
          nicolae_shop_vocational, uniq_sigmund, uniq_crazy_yiuf_cottage
D:3:      layout_basic, old_standard_altar, mainiacjoe_overflow_cross_hatched,
          gammafunk_ghost_mausoleum
D:4:      layout_basic, mainiacjoe_overflow_alcove_2
D:5:      cheibrodos_helix_gallery, layout_basic

Skill      XL: |  1  2  3  4  5  6  7 |
---------------+----------------------+-----
Stealth        | 2 3 |  3.4
Spellcasting   | 3 4 5 |  5.1
Short Blades   | 1 2 |  2.4
Armour         | 1 |  1.7
Dodging        | 3 |  3.3
Fighting       | 1 |  1.4
Invocations    | |  0.4

Action                   |  1- 3 |  4- 6 |  7- 9 || total
-------------------------+-------+-------+-------++-------
Melee: Unarmed           |     2 |       |       ||     2
       Short sword       |     1 |    45 |     6 ||    52
       Punch             |       |     2 |       ||     2
 Cast: Foxfire           |    43 |    11 |    11 ||    65
       Scorch            |     7 |    26 |    29 ||    62
       Momentum Strike   |       |       |     3 ||     3
       Searing Ray       |       |       |     1 ||     1
       Flame Wave        |       |       |     1 ||     1
Invok: Vitalisation      |       |     1 |       ||     1
       Donate Gold       |       |     1 |       ||     1
       Recite            |       |       |     1 ||     1
 Stab: Sleeping          |     1 |     4 |       ||     5
Armor: Robe              |     6 |       |       ||     6
       Leather armour    |     1 |    12 |    17 ||    30
Dodge: Dodged            |    21 |    30 |    44 ||    95

Table legend: (Time is in decaauts)
 A = Elapsed time spent in this place.
 B = Non-inter-level travel time spent in this place.
 C = Inter-level travel time spent in this place.
 D = Time resting spent in this place.
 E = Time spent auto-exploring this place.
 F = Levels seen in this place.
 G = Mean time per level.
                   A        B        C        D        E       F      G
               +--------+--------+--------+--------+--------+-----+--------+
         Total |   3214 |   3094 |    120 |    107 |   2108 |   5 |  642.8 |
       Dungeon |   3214 |   3094 |    120 |    107 |   2108 |   5 |  642.8 |
               +--------+--------+--------+--------+--------+-----+--------+

Top non-repeatable levels by time:
     D:2: 1118 daAuts
     D:1: 759 daAuts
     D:4: 694 daAuts
     D:3: 600 daAuts
     D:5: 40 daAuts
